 Dungeon Crawl Stone Soup version 0.31-a0-175-g9f7f995f2b (webtiles) character file.

Game seed: 7513431275025117216

252 qw the Shooter (level 6, -1/56 HPs)
             Began as a Naga Hunter on June 16, 2023.
             Slain by Pikel
             ... wielding a +0 whip of flaming
              (2 damage)
             ... on level 4 of the Dungeon.
             The game lasted 00:02:37 (4240 turns).

qw the Shooter (Naga Hunter)                        Turns: 4240, Time: 00:02:38

Health: -1/56      AC: 12    Str: 13    XL:     6   Next: 13%
Magic:  6/6        EV:  7    Int: 13    God:
Gold:   229        SH:  0    Dex: 17    Spells: 5/5 levels left

rFire   . . .        Y - +0 shortbow
rCold   . . .        (shield currently unavailable)
rNeg    . . .        c - +0 leather armour
rPois   +            (no helmet)
rElec   .            a - +0 cloak
rCorr   .            (no gloves)
SInv    +            f - +0 barding of the Quahog {Int+4 Stlth+}
Will    .....        (no amulet)
Stlth   +++          e - +4 ring of protection
HPRegen 0.29/turn    (no ring)
MPRegen 0.10/turn

%: no passive effects
@: short of breath, very slow
A: AC +2, large, see invisible, deformed body, poison resistance, slowness 2,
spit poison 1, naga tail 1
a: Spit Poison


You were on level 4 of the Dungeon.
You visited 1 branch of the dungeon, and saw 4 of its levels.

You collected 229 gold pieces.


Innate Abilities, Weirdness & Mutations

Your serpentine skin is tough. (AC +2)
You have supernaturally acute eyesight. (SInv)
Armour fits poorly on your strangely shaped body.
Your system is resistant to poisons. (rPois)
You cover ground very slowly.
You can spit poison.
You have a snake-like lower body.


   Skills:
 - Level 3.2 Fighting
 - Level 6.0 Ranged Weapons
 + Level 0.4 Armour
 - Level 1.5 Dodging
 - Level 1.5 Stealth


You had 5 spell levels left.
You didn't know any spells.
Your spell library was empty.

Inventory:

Hand Weapons
 Y - a +0 shortbow (weapon)
Armour
 a - a +0 cloak (worn)
 c - a +0 leather armour (worn)
 f - the +0 barding of the Quahog (worn) {Int+4 Stlth+}
   (You acquired it on level 3 of the Dungeon)

   Int:       It affects your intelligence (+4).
   Stlth:     It makes you more stealthy.
Jewellery
 e - a +4 ring of protection (left hand)
Scrolls
 d - a scroll of identify
 g - a scroll of enchant weapon {unknown}
Potions
 b - a potion of heal wounds {unknown}
 h - a potion of mutation {unknown}
 i - a potion of haste {unknown}

Dungeon Overview and Level Annotations

Branches:
Dungeon (4/15)
 Temple: D:4-7

Altars:

Shops:
D:3 (

Annotations:
D:2 1 runed translucent door, Crazy Yiuf
D:4 Pikel


Message History

The lemure hits you.
4233 ||| INVOKING Spit Poison.
Aiming: Spit Poison (1% risk of failure)
Press: ? - help, Shift-Dir - straight line, f/p - lemure The splash of poison hits the lemure.
The lemure is poisoned.
The lemure is almost dead.
Pikel hits you with a +0 whip of flaming.
Pikel burns you. The lemure hits you.
A lemure comes into view.
You shoot an arrow.
The arrow hits the lemure but does no damage.
The lemure is almost dead.
Pikel hits you with a +0 whip of flaming.
Pikel burns you. The lemure hits you but does no damage.
You shoot an arrow. The arrow completely misses the lemure.
Pikel hits you with a +0 whip of flaming.
Pikel burns you. The lemure hits you but does no damage.
You shoot an arrow. The arrow hits the lemure.
You kill the lemure!
That felt strangely unrewarding.
Pikel hits you but does no damage.
You shoot an arrow. The arrow hits Pikel.
Pikel is lightly wounded.
Pikel hits you with a +0 whip of flaming!
Pikel burns you. Pikel hits you but does no damage.
You shoot an arrow. The arrow barely misses Pikel.
Pikel scowls and wipes his hands on his robe.
Pikel hits you with a +0 whip of flaming!
Pikel burns you.
You shoot an arrow. The arrow barely misses Pikel.
You have got your breath back.
Pikel barely misses you.
4240 ||| INVOKING Spit Poison.
Aiming: Spit Poison (1% risk of failure)
Press: ? - help, Shift-Dir - straight line, f/p - Pikel The splash of poison hits Pikel!
Pikel is poisoned.
Pikel is moderately wounded.
Pikel hits you with a +0 whip of flaming.
Pikel burns you.
You die...

.. #...# #.#......#.##.#...
....###...# #.#......#.#..#...
..........# #.#.....##.#..#...
....###..#######.#.####......###.
.. #..........#.# #.#........
#...########.# #.#........
#...###### #.# #.#......#.
#######..[.....###.# #.#......#.
...............'@5.# #.#.....##.
#######.##.....##K.# #.#.....##.
#........# ..# #.#.....##.
####.....# .!.. #.#......#.
#####.# ....##.#......#. #.#
....##.######.#. #.#
..####.......... #.# ..#
########.## #.# #.#


You could see Pikel (poisoned) and a lemure.

Vanquished Creatures
  3 lemures (D:4)
  An iguana (D:3)
  Natasha (thrice) (D:2)
  4 gnolls
  5 adders
  3 worms
  2 dart slugs (D:2)
  4 ball pythons
  5 bats
  7 endoplasms
  2 giant cockroaches
  8 goblins
  5 hobgoblins
  A quokka (D:1)
  2 frilled lizards
  3 kobolds
  4 rats
62 creatures vanquished.

Notes
Turn   | Place    | Note
-------+----------+-------------------------------------------
     0 | D:1      | qw the Naga Hunter began the quest for the Orb.
     0 | D:1      | Reached XP level 1. HP: 19/19 MP: 1/1
     0 | D:1      | 0 ||| qw: Version: 0.2-a-29-g511e9b1
     0 | D:1      | 0 ||| qw: Game counter: 5885
     0 | D:1      | 0 ||| qw: Always use a shield: true
     0 | D:1      | 0 ||| qw: God list: Okawaru
     0 | D:1      | 0 ||| qw: Allow faded altars: false
     0 | D:1      | 0 ||| qw: Do Orc after D:15 true
     0 | D:1      | 0 ||| qw: Do second Lair branch before Depths: true
     0 | D:1      | 0 ||| qw: Lair rune preference: random
     0 | D:1      | 0 ||| qw: Plans: Normal
     0 | D:1      | 0 ||| PLANNING D:1-11
    15 | D:1      | 15 ||| INVOKING Spit Poison.
    49 | D:1      | 49 ||| INVOKING Spit Poison.
    55 | D:1      | 55 ||| INVOKING Spit Poison.
    76 | D:1      | Found a faded altar of an unknown god.
   114 | D:1      | 114 ||| INVOKING Spit Poison.
   115 | D:1      | 115 ||| INVOKING Spit Poison.
   116 | D:1      | Reached skill level 4 in Ranged Weapons
   116 | D:1      | Reached XP level 2. HP: 23/26 MP: 2/2
   149 | D:1      | 149 ||| INVOKING Spit Poison.
   176 | D:1      | 176 ||| INVOKING Spit Poison.
   195 | D:1      | 195 ||| Stepping ~*~*~tactically~*~*~ (outnumbered).
   196 | D:1      | 196 ||| INVOKING Spit Poison.
   202 | D:1      | 202 ||| INVOKING Spit Poison.
   278 | D:1      | 278 ||| INVOKING Spit Poison.
   827 | D:1      | 827 ||| INVOKING Spit Poison.
   831 | D:1      | Reached XP level 3. HP: 32/32 MP: 3/3
   897 | D:1      | 897 ||| INVOKING Spit Poison.
   901 | D:1      | 901 ||| INVOKING Spit Poison.
   977 | D:1      | 977 ||| DROPPING amulet of magic regeneration.
   978 | D:1      | 978 ||| READING 2 scrolls labelled MAROIM AQIOCW.
   981 | D:1      | 981 ||| READING scroll labelled FAOSTRO QURA.
   982 | D:1      | 982 ||| READING 2 scrolls labelled YGHANT ZAAD.
   983 | D:1      | 983 ||| DROPPING scroll of butterflies.
   984 | D:1      | 984 ||| DROPPING scroll of noise.
  1027 | D:2      | Noticed Natasha
  1029 | D:2      | 1029 ||| INVOKING Spit Poison.
  1034 | D:2      | 1034 ||| INVOKING Spit Poison.
  1034 | D:2      | Killed Natasha
  1036 | D:2      | 1036 ||| FLEEEEING.
  1037 | D:2      | 1037 ||| FLEEEEING.
  1038 | D:2      | 1038 ||| STAIRDANCE
  1056 | D:2      | 1056 ||| INVOKING Spit Poison.
  1059 | D:2      | 1059 ||| STAIRDANCE
  1062 | D:1      | Reached skill level 5 in Ranged Weapons
  1062 | D:1      | Reached XP level 4. HP: 34/39 MP: 4/4
  1082 | D:2      | 1082 ||| INVOKING Spit Poison.
  1087 | D:2      | 1087 ||| INVOKING Spit Poison.
  1091 | D:2      | 1091 ||| INVOKING Spit Poison.
  1096 | D:2      | 1096 ||| INVOKING Spit Poison.
  1110 | D:2      | 1110 ||| READING scroll labelled XOIMAXULOSH.
  1239 | D:2      | 1239 ||| INVOKING Spit Poison.
  1243 | D:2      | 1243 ||| INVOKING Spit Poison.
  1338 | D:2      | 1338 ||| INVOKING Spit Poison.
  1361 | D:2      | 1361 ||| INVOKING Spit Poison.
  1365 | D:2      | 1365 ||| INVOKING Spit Poison.
  1368 | D:2      | 1368 ||| INVOKING Spit Poison.
  1373 | D:2      | 1373 ||| INVOKING Spit Poison.
  1379 | D:2      | 1379 ||| INVOKING Spit Poison.
  1514 | D:2      | 1514 ||| INVOKING Spit Poison.
  1519 | D:2      | Reached skill level 3 in Fighting
  1523 | D:2      | 1523 ||| INVOKING Spit Poison.
  1528 | D:2      | 1528 ||| INVOKING Spit Poison.
  1530 | D:2      | Reached XP level 5. HP: 39/49 MP: 5/5
  1640 | D:2      | Noticed Natasha
  1642 | D:2      | 1642 ||| INVOKING Spit Poison.
  1645 | D:2      | Killed Natasha
  1699 | D:2      | 1699 ||| INVOKING Spit Poison.
  1777 | D:2      | 1777 ||| INVOKING Spit Poison.
  1778 | D:2      | 1778 ||| INVOKING Spit Poison.
  1783 | D:2      | Noticed Natasha
  1786 | D:2      | 1786 ||| INVOKING Spit Poison.
  1786 | D:2      | Killed Natasha
  1810 | D:2      | 1810 ||| INVOKING Spit Poison.
  1844 | D:2      | 1844 ||| INVOKING Spit Poison.
  1948 | D:2      | 1948 ||| INVOKING Spit Poison.
  2021 | D:2      | Found a runed translucent door.
  2022 | D:2      | Noticed Crazy Yiuf
  3542 | D:3      | Found Idasupsi's Weapon Boutique.
  3598 | D:3      | 3598 ||| INVOKING Spit Poison.
  3601 | D:3      | 3601 ||| INVOKING Spit Poison.
  3602 | D:3      | HP: 12/49 [iguana (11)]
  3603 | D:3      | 3603 ||| READING scroll of teleportation.
  3603 | D:3      | HP: 4/49 [iguana (8)]
  3605 | D:3      | 3605 ||| INVOKING Spit Poison.
  3606 | D:3      | Reached skill level 6 in Ranged Weapons
  3606 | D:3      | Reached XP level 6. HP: 5/56 MP: 6/6
  3826 | D:3      | 3826 ||| INVOKING Spit Poison.
  3917 | D:3      | 3917 ||| UPGRADING to +0 cloak.
  3922 | D:3      | 3922 ||| UPGRADING to +4 ring of protection.
  3923 | D:3      | 3923 ||| READING scroll labelled DOXOUF BAONYL.
  3923 | D:3      | Identified a scroll of acquirement
  3923 | D:3      | 3923 ||| ACQUIRING +0 barding of the Quahog {Int+4 Stlth+}
  3923 | D:3      | Acquired the +0 barding of the Quahog {Int+4 Stlth+}
  3925 | D:3      | 3925 ||| UPGRADING to +0 barding of the Quahog {Int+4
                  | Stlth+}.
  3930 | D:3      | 3930 ||| READING scroll labelled RACIN WUSMALUI.
  4008 | D:4      | 4008 ||| INVOKING Spit Poison.
  4103 | D:4      | 4103 ||| INVOKING Spit Poison.
  4145 | D:4      | 4145 ||| INVOKING Spit Poison.
  4207 | D:4      | 4207 ||| INVOKING Spit Poison.
  4214 | D:4      | 4214 ||| INVOKING Spit Poison.
  4218 | D:4      | 4218 ||| INVOKING Spit Poison.
  4224 | D:4      | 4224 ||| INVOKING Spit Poison.
  4226 | D:4      | Noticed Pikel
  4230 | D:4      | 4230 ||| INVOKING Spit Poison.
  4233 | D:4      | 4233 ||| INVOKING Spit Poison.
  4237 | D:4      | HP: 14/56 [Pikel/+0 whip of flaming (3)]
  4238 | D:4      | HP: 6/56 [Pikel/+0 whip of flaming (1)]
  4240 | D:4      | 4240 ||| INVOKING Spit Poison.
  4240 | D:4      | HP: 1/56 [Pikel/+0 whip of flaming (5)]
  4240 | D:4      | Slain by Pikel

Levels and vault maps discovered:
D:1:      lemuel_arrival_behind_the_door_large, layout_basic,
          hellmonk_ecumenical_altar_leap_of_faith, minmay_cupped
D:2:      layout_basic, serial_glass, glass_columns_a, glass_columns_a,
          glass_columns_c, glass_columns_c, glass_columns_a, glass_columns_c,
          feat_on_display, due_unseen_surprise, item_on_display_a, uniq_natasha,
          uniq_crazy_yiuf_cottage
D:3:      layout_rooms, serial_shops, nicolae_shop_just_a_little_nook
D:4:      layout_basic, guppyfry_shop_venom, uniq_pikel

Skill      XL: |  1  2  3  4  5 |
---------------+----------------+-----
Ranged Weapons | 4 5 6 |  6.0
Fighting       | 3 |  3.2
Armour         | |  0.4
Dodging        | |  1.5
Stealth        | |  1.5

Action                     |  1- 3 |  4- 6 || total
---------------------------+-------+-------++-------
   Fire: Shortbow          |    32 |   137 ||   169
Ability: Spit Poison       |    15 |    36 ||    51
    Use: Scroll            |     3 |     4 ||     7
 Armour: Leather armour    |     6 |    34 ||    40
  Dodge: Dodged            |    15 |    25 ||    40

Table legend:
 A = Non-vault XP
 B = Vault XP
 C = Vault XP percentage of total XP
 D = Non-vault monster count
 E = Vault monster count
 F = Vault count percentage of total count
                 A         B        C        D         E       F
            +---------+---------+-------+---------+---------+-------
      Total |     318 |      42 |  11.7 |      53 |       6 |  10.2
            +---------+---------+-------+---------+---------+-------
        D:1 |      40 |       7 |  14.9 |      13 |       5 |  27.8
        D:2 |     195 |      35 |  15.2 |      29 |       1 |   3.3
        D:3 |      64 |       0 |   0.0 |       7 |       0 |   0.0
        D:4 |      19 |       0 |   0.0 |       4 |       0 |   0.0
            +---------+---------+-------+---------+---------+-------
